 Dungeon Crawl Stone Soup version 0.31-a0-700-gf13585253f (webtiles) character file.

Game seed: 10999194857608463786

868 qw the Skirmisher (level 8, -4/51 HPs)
             Began as a Gargoyle Hunter on Sept 7, 2023.
             Slain by Edmund
             ... wielding a +1 dire flail of holy wrath
              (7 damage)
             ... on level 5 of the Dungeon.
             The game lasted 00:01:36 (3658 turns).

qw the Skirmisher (Gargoyle Hunter)                 Turns: 3658, Time: 00:01:37

Health: -4/51      AC: 11    Str: 14    XL:     8   Next: 3%
Magic:  8/8        EV: 15    Int: 11    God:
Gold:   202        SH:  0    Dex: 15    Spells: 7/7 levels left

rFire   . . .        h - +0 orcbow
rCold   . . .        (shield currently unavailable)
rNeg    + . .        d - +0 ring mail
rPois   inf          g - +0 helmet
rElec   +            (no cloak)
rCorr   .            (no gloves)
SInv    .            (no boots)
Will    .....        (no amulet)
Stlth   +            e - +5 ring of evasion
HPRegen 0.28/turn    (no ring)
MPRegen 0.11/turn

%: no passive effects
@: no status effects
A: sickness immunity, AC +5, negative energy resistance 1, electricity
resistance, torment resistance 1, petrification resistance
a: no special abilities


You were on level 5 of the Dungeon.
You visited 1 branch of the dungeon, and saw 5 of its levels.

You collected 202 gold pieces.


Innate Abilities, Weirdness & Mutations

You are immune to sickness and miasma.
Your stone body is resilient. (AC +5)
You are immune to poison.
You resist negative energy. (rN+)
You are resistant to electric shocks. (rElec)
You are resistant to unholy torment.
You are immune to petrification.


   Skills:
 - Level 5.9 Fighting
 - Level 8.2 Ranged Weapons
 + Level 1.0 Armour
 - Level 1.5 Dodging
 - Level 1.1 Stealth


You had 7 spell levels left.
You didn't know any spells.
Your spell library was empty.

Inventory:

Hand Weapons
 h - a +0 orcbow (weapon)
Armour
 d - a +0 ring mail (worn)
 g - a +0 helmet (worn)
Jewellery
 e - a +5 ring of evasion (left hand)
 f - a ring of fire
Potions
 a - 2 potions of might
 i - a potion of curing {unknown}

Dungeon Overview and Level Annotations

Branches:
Dungeon (5/15)
 Temple: D:4-7

Altars:
Wu Jian

Shops:
D:2 (

Annotations:
D:4 2 runed translucent doors, qw's ghost, amateur GrHu
D:5 Edmund


Message History

You shoot an arrow. The arrow hits Edmund.
Edmund is severely wounded.
Blork the orc miscasts a cantrip.
Edmund barely misses you.
Edmund hits you with a +1 dire flail of holy wrath!
3651 ||| DRINKING potion of heal wounds.
You feel much better.
Edmund says, "I might not be good at magic, but I can still kill you!"
Edmund hits you with a +1 dire flail of holy wrath.
You shoot an arrow.
The arrow hits Edmund but does no damage.
Edmund is severely wounded.
Edmund hits you with a +1 dire flail of holy wrath.
You shoot an arrow. The arrow closely misses Edmund.
The arrow hits Blork the orc!
Blork the orc is severely wounded.
Blork the orc miscasts a cantrip.
Edmund hits you with a +1 dire flail of holy wrath.
You shoot an arrow. The arrow barely misses Edmund.
The arrow hits Blork the orc!
You kill Blork the orc!
Edmund barely misses you.
Your Ranged Weapons skill increases to level 8!
You have reached level 8!
You feel clever.
You shoot an arrow.
The arrow hits Edmund but does no damage.
Edmund is severely wounded.
Edmund misses you.
You shoot an arrow.
The arrow hits Edmund but does no damage.
Edmund is severely wounded.
Edmund hits you with a +1 dire flail of holy wrath.
Edmund hits you with a +1 dire flail of holy wrath!
You shoot an arrow. The arrow hits Edmund.
Edmund is severely wounded.
Edmund closely misses you.
You shoot an arrow. The arrow barely misses Edmund.
Edmund hits you with a +1 dire flail of holy wrath!
You die...
Edmund whines, "They better pay attention to me now!"

##.. ##.# ##.# ..# ##.#
.#...## ..## ##.#
....... ...
##.###.......#..# #
....#........... .#
............... #.#
....#.........###..####.
..............)@@.......
....###.....#..##..####.
....###.... #..# #.#
.....##.#. ...o. .#
....### # ###..## #
...## #... ..## #... ..#
#...# .... ...##


You could see Edmund.

Vanquished Creatures
  Grinder (D:4)
  A centaur (D:5)
  Blork the orc (D:5)
  A bullfrog (D:5)
  A howler monkey (D:5)
  An orc priest (D:4)
  A jelly (D:5)
  3 hounds
  An iguana (D:5)
  2 orc wizards
  5 adders
  A gnoll (D:1)
  A shadow imp (D:5)
  6 worms
  3 dart slugs
  8 orcs
  3 bats
  7 endoplasms
  5 giant cockroaches
  8 hobgoblins
  7 jackals (D:3)
  6 quokkas
  4 ball pythons
  7 frilled lizards
  7 goblins
  6 kobolds
  2 rats
99 creatures vanquished.

Notes
Turn   | Place    | Note
-------+----------+-------------------------------------------
     0 | D:1      | qw the Gargoyle Hunter began the quest for the Orb.
     0 | D:1      | Reached XP level 1. HP: 12/12 MP: 1/1
     0 | D:1      | 0 ||| qw: Version: 0.3-a-76-g4403597
     0 | D:1      | 0 ||| qw: Game counter: 451
     0 | D:1      | 0 ||| qw: Melee chars always use a shield: true
     0 | D:1      | 0 ||| qw: God list: Okawaru
     0 | D:1      | 0 ||| qw: Allow faded altars: false
     0 | D:1      | 0 ||| qw: Do Orc after clearing Dungeon:15 true
     0 | D:1      | 0 ||| qw: Do second Lair branch before Depths: true
     0 | D:1      | 0 ||| qw: Lair rune preference: random
     0 | D:1      | 0 ||| qw: Goals: Normal
     0 | D:1      | 0 ||| PLANNING D:1-11
    83 | D:1      | Reached XP level 2. HP: 17/17 MP: 2/2
   628 | D:1      | Reached skill level 5 in Ranged Weapons
   628 | D:1      | Reached XP level 3. HP: 12/21 MP: 3/3
   881 | D:1      | 881 ||| UPGRADING to +0 ring mail.
   891 | D:1      | 891 ||| DROPPING +0 leather armour.
   892 | D:1      | 892 ||| DROPPING scroll of butterflies.
  1046 | D:2      | Reached skill level 1 in Armour
  1122 | D:2      | 1122 ||| READING scroll labelled ATZYCU COFOCE.
  1143 | D:2      | Found Juaczag's Antique Weapon Boutique.
  1328 | D:2      | Reached XP level 4. HP: 27/27 MP: 4/4
  1340 | D:2      | Reached skill level 3 in Fighting
  1435 | D:2      | 1435 ||| READING scroll labelled MERYORABBO.
  1436 | D:2      | 1436 ||| READING scroll labelled NOCZUZY FUGIV.
  1437 | D:2      | 1437 ||| DRINKING 3 glowing blue potions.
  1541 | D:2      | 1541 ||| DROPPING 2 potions of berserk rage.
  1659 | D:3      | HP: 6/28 [orc/+0 flail (7)]
  2313 | D:3      | Found an ornate altar of the Wu Jian Council.
  2352 | D:3      | 2352 ||| UPGRADING to +5 ring of evasion.
  2353 | D:3      | 2353 ||| DRINKING 3 sapphire potions.
  2359 | D:4      | 2359 ||| PLANNING SEWER
  2411 | D:4      | Reached XP level 5. HP: 31/32 MP: 5/5
  2424 | D:4      | Reached skill level 6 in Ranged Weapons
  2517 | D:4      | Found a runed translucent door.
  2525 | D:4      | Noticed qw's ghost (amateur GrHu)
  2760 | D:4      | Noticed Grinder
  2775 | D:4      | Paralysed by Grinder for 5 turns
  2787 | D:4      | Killed Grinder
  2788 | D:4      | Reached XP level 6. HP: 17/41 MP: 6/6
  2961 | D:4      | Reached XP level 7. HP: 45/45 MP: 7/7
  3000 | D:4      | 3000 ||| RIP SEWER
  3003 | D:4      | 3003 ||| PLANNING D:1-11
  3173 | D:4      | 3173 ||| UPGRADING to +0 helmet.
  3178 | D:4      | 3178 ||| READING scroll labelled WEDAERPH ZEPP.
  3179 | D:4      | 3179 ||| DRINKING 3 dark potions.
  3257 | D:4      | Found a runed translucent door.
  3299 | D:5      | Entered Level 5 of the Dungeon
  3322 | D:5      | 3322 ||| FLEEEEING.
  3325 | D:5      | 3325 ||| FLEEEEING.
  3343 | D:5      | Reached skill level 7 in Ranged Weapons
  3418 | D:5      | 3418 ||| SWAPPING to +0 orcbow.
  3419 | D:5      | 3419 ||| DROPPING +0 shortbow.
  3588 | D:5      | 3588 ||| Stepping ~*~*~tactically~*~*~ (outnumbered).
  3620 | D:5      | HP: 7/45 [orc/+0 trident (6)]
  3621 | D:5      | 3621 ||| READING scroll of teleportation.
  3622 | D:5      | 3622 ||| DRINKING 2 potions of heal wounds.
  3634 | D:5      | Noticed Edmund
  3635 | D:5      | 3635 ||| FLEEEEING.
  3638 | D:5      | Noticed Blork the orc
  3639 | D:5      | 3639 ||| Stepping ~*~*~tactically~*~*~ (retreating).
  3640 | D:5      | 3640 ||| Stepping ~*~*~tactically~*~*~ (retreating).
  3641 | D:5      | 3641 ||| Stepping ~*~*~tactically~*~*~ (retreating).
  3650 | D:5      | HP: 5/45 [Edmund/+1 dire flail of holy wrath (9)]
  3651 | D:5      | 3651 ||| DRINKING potion of heal wounds.
  3654 | D:5      | Killed Blork the orc
  3655 | D:5      | Reached skill level 8 in Ranged Weapons
  3655 | D:5      | Reached XP level 8. HP: 13/51 MP: 8/8
  3656 | D:5      | HP: 12/51 [Edmund/+1 dire flail of holy wrath (1)]
  3656 | D:5      | HP: 2/51 [Edmund/+1 dire flail of holy wrath (10)]
  3658 | D:5      | Slain by Edmund

Levels and vault maps discovered:
D:1:      amcnicky_arrival_double_pillar, layout_basic, minmay_heptomino_o4
D:2:      layout_rooms, serial_shops, nicolae_shop_peninsula, serial_bayou,
          serial_bayou_shore_b, serial_bayou_shore_b, serial_bayou_lagoon_a,
          serial_bayou_crossing, serial_bayou_shore_b
D:3:      layout_basic, nicolae_wu_jian_immortal_techniques
D:4:      layout_loops_ring, cheibrodos_sewer_entry_bend, ebering_ghost_sewer_f,
          uniq_grinder
D:5:      layout_loops_ring, gammafunk_temple_overflow_statue,
          minmay_temple_entry_tees, uniq_edmund, uniq_blork_the_orc,
          uniq_duvessa

Skill      XL: |  1  2  3  4  5  6  7 |
---------------+----------------------+-----
Ranged Weapons | 5 6 8 |  8.2
Armour         | 1 |  1.0
Fighting       | 3 5 |  5.9
Dodging        | |  1.5
Stealth        | |  1.1

Action                     |  1- 3 |  4- 6 |  7- 9 || total
---------------------------+-------+-------+-------++-------
   Fire: Shortbow          |   102 |   180 |    58 ||   340
         Orcbow            |       |       |    68 ||    68
    Use: Scroll            |     1 |     2 |     2 ||     5
         Potion            |       |     2 |     3 ||     5
 Armour: Leather armour    |    27 |       |       ||    27
         Ring mail         |     8 |    59 |    96 ||   163
  Dodge: Dodged            |    32 |    75 |   120 ||   227

Table legend:
 A = Non-vault XP
 B = Vault XP
 C = Vault XP percentage of total XP
 D = Non-vault monster count
 E = Vault monster count
 F = Vault count percentage of total count
                 A         B        C        D         E       F
            +---------+---------+-------+---------+---------+-------
      Total |     824 |     416 |  33.5 |      90 |       9 |   9.1
            +---------+---------+-------+---------+---------+-------
        D:1 |      46 |       8 |  14.8 |      20 |       5 |  20.0
        D:2 |      39 |       0 |   0.0 |      17 |       0 |   0.0
        D:3 |      45 |       0 |   0.0 |      20 |       0 |   0.0
        D:4 |     234 |     314 |  57.3 |      21 |       3 |  12.5
        D:5 |     460 |      94 |  17.0 |      12 |       1 |   7.7
            +---------+---------+-------+---------+---------+-------
